 Dungeon Crawl Stone Soup version 0.31-a0-117-g42d8f58691 (webtiles) character file.

Game seed: 7892282504374026943

566787 TittyCrusher the Thanatomancer (level 27, -10/179 (191) HPs)
             Began as a Djinni Ice Elementalist on May 29, 2023.
             Was the Champion of Makhleb.
             Killed from afar by a shadow dragon (28 damage)
             ... with a bolt of negative energy
             ... on level 10 of a ziggurat on May 30, 2023.
             The game lasted 05:21:27 (78033 turns).

TittyCrusher the Thanatomancer (DjIE)              Turns: 78033, Time: 05:21:27

HP:   -10/179 (191) AC: 20    Str:  6 (7)  XL:     27
Gold: 7724          EV: 26    Int: 33      God:    Makhleb [******] SH: 11 Dex: 15 (16)

rFire   + + .        b - staff of cold "Ufrom" {rElec rC+ rN+ Int+4}
rCold   + . .        m - +3 buckler {rC+}
rNeg    + . .        k - +4 moon troll leather armour {Spirit, Regen++ MP+5}
rPois   ∞            O - +2 hat {Stlth+}
rElec   +            W - +2 cloak
rCorr   .            q - +2 pair of gloves
SInv    .            (boots unavailable)
Will    ++...        U - amulet of regeneration
Stlth   +++          g - ring of the Mage {Wiz Archmagi}
HPRegen 2.89/turn    Q - +5 ring of evasion
MPRegen 0.00/turn

%: clarity, guardian spirit, wizardry (x1), archmagi, infuse magic (-11 HP)
@: on vortex cooldown, disjoining, flying, studying 3 skills, drained
A: sickness immunity, fire resistance 2, cold vulnerability 1, float, innate
caster, HP casting, extra vitality 1, horns 2, iridescent scales 1, clarity
}: 4/15 runes: barnacled, slimy, silver, gossamer
a: Renounce Religion, Minor Destruction, Lesser Servant of Makhleb, Major
Destruction, Greater Servant of Makhleb


You were on level 10 of a ziggurat.
You worshipped Makhleb.
Makhleb was exalted by your worship.
You visited 11 branches of the dungeon, and saw 50 of its levels.
You visited 1 ziggurat, and saw 10 of its levels.
You also visited: Sewer, Volcano and Wizlab.

You collected 10688 gold pieces.
You spent 2964 gold pieces at shops.

Inventory:

Hand Weapons
 C - the +4 spear of Leomus {pain, rF- rC+ Int+7 Dex+3}
   (You found it on level 7 of the Dungeon)

   Int:       It affects your intelligence (+7).
   Dex:       It affects your dexterity (+3).
   rF:        It makes you vulnerable to fire.
   rC:        It protects you from cold.
 Y - the +8 demon blade "Leech" {evervamp, Harm Drain rN+}
   (You found it on level 6 of a ziggurat)

   rN:        It protects you from negative energy.
   Drain:     It drains your maximum health when unequipped.
   Harm:      It increases damage dealt and taken.
Armour
 k - the +4 moon troll leather armour (worn) {Spirit, Regen++ MP+5}
   (You took it off a moon troll in a wizard's laboratory)

   MP:        It affects your magic capacity (+5).
   Regen:     It increases your rate of health regeneration.
 m - a +3 buckler of cold resistance (worn)
 q - a +2 pair of gloves (worn)
 u - the +0 robe of Moozottiedgh {*Corrode +Inv rF+}
   (You found it on level 4 of the Dungeon)

   rF:        It protects you from fire.
   +Inv:      It lets you turn invisible.
   *Corrode:  It may corrode you when you take damage.
 w - a scarf of resistance
 F - a +5 ring mail of cold resistance
 O - a +2 hat of stealth (worn)
 W - a +2 cloak (worn)
Magical Staves
 a - a staff of air
 b - the staff of cold "Ufrom" (weapon) {rElec rC+ rN+ Int+4}
   (You found it on level 2 of a ziggurat)

   [staff of cold]

   Base accuracy: +5 Base damage: 5 Base attack delay: 1.2 This weapon's minimum
   attack delay (0.6) is reached at skill level 12.
   Int:       It affects your intelligence (+4).
   rC:        It protects you from cold.
   rElec:     It insulates you from electricity.
   rN:        It protects you from negative energy.
   It falls into the 'Staves' category.
   It is a one-handed weapon.
 t - the staff of cold "Loutunugh" {+Blink Fly rPois rC+ Dex-4}
   (You took it off a deep elf death mage on level 3 of the Elven Halls)

   [staff of cold]

   Base accuracy: +5 Base damage: 5 Base attack delay: 1.2 This weapon's minimum
   attack delay (0.6) is reached at skill level 12.
   Dex:       It affects your dexterity (-4).
   rC:        It protects you from cold.
   rPois:     It protects you from poison.
   Fly:       It grants you flight.
   +Blink:    It lets you blink.
   It falls into the 'Staves' category.
   It is a one-handed weapon.
 G - a staff of conjuration
 M - the staff of death "Hazotuen" {rN+ Dex+3}
   (You found it in a wizard's laboratory)

   [staff of death]

   Base accuracy: +5 Base damage: 5 Base attack delay: 1.2 This weapon's minimum
   attack delay (0.6) is reached at skill level 12.
   Dex:       It affects your dexterity (+3).
   rN:        It protects you from negative energy.
   It falls into the 'Staves' category.
   It is a one-handed weapon.
 T - a staff of death
Jewellery
 g - the ring of the Mage (left hand) {Wiz Archmagi}
   (You bought it in a shop on level 10 of the Dungeon)

   [ring of wizardry]

   It improves your spell success rate.
   Archmagi:  It increases the power of your magical spells.
 l - the ring of the Eight Ghosts {Fly rPois rN+ SInv}
   (You found it on level 9 of a ziggurat)

   [ring of see invisible]

   rPois:     It protects you from poison.
   rN:        It protects you from negative energy.
   SInv:      It lets you see invisible.
   Fly:       It grants you flight.
 o - an amulet of the acrobat
 Q - a +5 ring of evasion (right hand)
 R - the ring of the Sky {Fly rC+ Slay+3}
   (You found it on level 3 of the Vaults)

   [ring of flight]

   Slay:      It affects your accuracy & damage with ranged weapons and melee
   (+3).
   rC:        It protects you from cold.
   Fly:       It grants you flight.
 S - a +6 ring of intelligence
 U - an amulet of regeneration (around neck)
Wands
 E - a wand of mindburst (45)
 P - a wand of digging (2)
 V - a wand of roots (54)
 X - a wand of light (10)
Scrolls
 d - 8 scrolls of poison
 f - 8 scrolls of enchant weapon
 j - 10 scrolls of immolation
 r - 35 scrolls of identify
 s - 12 scrolls of vulnerability
 x - 17 scrolls of teleportation
 y - 12 scrolls of fog
 B - 11 scrolls of magic mapping
 H - 3 scrolls of summoning
 J - 7 scrolls of fear
 Z - 11 scrolls of blinking
Potions
 c - 9 potions of attraction
 e - 8 potions of invisibility
 h - a potion of resistance
 i - 3 potions of cancellation
 n - 9 potions of might
 p - 18 potions of curing
 v - 3 potions of lignification
 z - 9 potions of enlightenment
 D - 9 potions of brilliance
 I - 9 potions of mutation
 K - 6 potions of ambrosia
 L - 8 potions of haste
 N - 2 potions of berserk rage


   Skills:
 - Level 15.3 Fighting
 - Level 12.0(12.4) Polearms
 - Level 5.9(10.3) Staves
 - Level 8.0 Armour
 - Level 19.6 Dodging
 - Level 1.5 Stealth
 - Level 15.0 Shields
 + Level 23.1 Spellcasting
 + Level 23.1 Conjurations
 + Level 23.1 Hexes
   Level 0.0 Charms
 + Level 23.1 Summonings
 + Level 26.0 Necromancy
 + Level 23.1 Translocations
 + Level 23.1 Transmutations
 + Level 23.1 Fire Magic
 + Level 23.1 Ice Magic
 + Level 23.1 Air Magic
 + Level 23.1 Earth Magic
 + Level 23.1 Poison Magic
 - Level 10.7 Invocations
 - Level 11.3 Evocations


You knew the following spells:

 Your Spells              Type           Power      Damage    Failure   Level
a - Freeze                Ice            100%       1d10      0%          1
b - Frozen Ramparts       Ice            100%       1d16      0%          3
c - Ozocubu's Armour      Ice            100%       N/A       0%          3
d - Summon Ice Beast      Ice/Summ       100%       N/A       0%          4
e - Sting                 Tmut/Pois      100%       1d8       0%          1
f - Scorch                Fire           100%       2d9       0%          2
g - Call Imp              Summ           100%       N/A       0%          2
h - Cause Fear            Hex            68%        N/A       0%          4
i - Dispel Undead         Necr           100%       3d31      0%          4
j - Metabolic Englaciati  Hex/Ice        81%        N/A       0%          5
k - Conjure Ball Lightni  Conj/Air       68%        3x3d25    0%          6
l - Starburst             Conj/Fire      68%        6d18      0%          6
m - Haunt                 Necr/Summ      70%        N/A       1%          7
n - Disjunction           Tloc           68%        N/A       1%          8
o - Borgnjor's Revivific  Necr           71%        N/A       1%          8
p - Discord               Hex            68%        N/A       1%          8
q - Polar Vortex          Ice            81%        N/A       4%          9
Your spell library was empty.

Dungeon Overview and Level Annotations

Branches:
Dungeon (15/15)            Temple (1/1) D:6            Lair (5/5) D:11
 Shoals (4/4) Lair:3       Spider (4/4) Lair:2        Slime (5/5) Lair:4
    Orc (2/2) D:10            Elf (3/3) Orc:2        Vaults (5/5) D:13
  Crypt (3/3) Vaults:2       Tomb (0/3) Crypt:3      Depths (3/4) D:15
  Sewer (visited)         Volcano (visited)          WizLab (visited)

Altars:
Ashenzari
Cheibriados
Dithmenos
Elyvilon
Fedhas
Gozag
Hepliaklqana
Makhleb
Nemelex Xobeh
Okawaru
Qazlal
Ru
Trog
Uskayaw
Wu Jian
Xom
Yredelemnul
Zin
The Shining One
Lugonu

Shops:
D:1 (   D:2 ?*!   D:3 (   D:10 =   D:13 ?   Orc:1 ?   Orc:2 [!((   Elf:2 (*(
Shoals:1 (   Shoals:2 =   Shoals:3 *[   Vaults:3 [

Portals:
Hell: Depths:1 Depths:2 Depths:3
Abyss: Depths:3
Pandemonium: Depths:2

Annotations:
D:1 1 transporter


Innate Abilities, Weirdness & Mutations

You are immune to sickness and miasma.
You are immune to poison.
Your flesh is very heat resistant. (rF++)
You are vulnerable to cold. (rC-)
You float through the air rather than walking.
You learn spells naturally, not from books.
Your magical power is your life essence.
You have superior vitality. (+4 MHP)
You have a pair of horns on your head.
You are partially covered in iridescent scales. (AC +2)
You possess an exceptional clarity of mind.


Message History

You destroy the curse skull!
Makhleb accepts your kill.
You feel better.
The phantasmal warrior disappears in a puff of smoke! x2
You destroy the spectral sphinx!
The spectral sphinx disappears in a puff of smoke!
You destroy the curse skull!
Makhleb accepts your kill.
The spectral glowing shapeshifter disappears in a puff of smoke!
The shadow disappears in a puff of smoke!
The spark wasp zombie disappears in a puff of smoke!
The phantasmal warrior disappears in a puff of smoke!
The spriggan defender skeleton disappears in a puff of smoke!
The sphinx zombie disappears in a puff of smoke!
The winds around you start to calm down.
The curse toe calls on the powers of darkness!
Your body is wracked with pain!
* * * LOW HITPOINT WARNING * * *
The shadow dragon convulses!
The ghost crab breathes spectral mist at you.
The spectral mist engulfs you but does no damage.
The demonspawn black sun is engulfed in spectral mist.
The demonspawn black sun prays to Kikubaaqudgha.
The shadow dragon begins absorbing vital energies! x2
The demonspawn black sun begins absorbing vital energies! x3
Your Necromancy skill increases to level 26!
Unknown command.
Unknown command.
Unknown command.
Casting: Conjure Ball Lightning (safe; 0% risk of failure)
Confirm with . or Enter, or press ? or * to list all spells.
You feel a surge of power!
The revenant blinks!
The shadow dragon blinks!
* * * LOW HITPOINT WARNING * * *
The demonspawn black sun blinks!
The shadow dragon blinks!
The curse toe calls on the powers of darkness!
Your body is wracked with pain!
* * * LOW HITPOINT WARNING * * *
The shadow dragon breathes negative energy at you.
The bolt of negative energy hits you!! You partially resist.
You feel drained.
You die...

▓▓▓▓.▓▓▓▓▓
▓▓.........▓▓▓
.............▓▓
..§§°.§§§°§§§§▓▓
..§§§§○§§§§§§§.▓▓
..§§§§§§§§§§§§..▓
..§§.§☼§○§☼§§§..▓
6zW§§§§§§§§.§...▓▓
).§§§§§@§§§§§.∩..▓
?.°§§§§§§§§§§...▓▓
..§§.§°§§§§§§§..▓
..§§§§§§6§§§§§..▓
..§§○○§§§§§D6§.▓▓
..§§t§§§§§§§§.▓▓
.............▓▓
▓▓.........▓▓▓
▓▓▓▓▓.▓▓▓▓▓


You could see a shadow dragon (black mark, catching breath), a curse toe, 3
demonspawn black suns, a ghost crab and a phantasmal warrior.

Vanquished Creatures
  the Royal Jelly (Slime:5)
  An ancient lich (Zig:7)
  2 royal mummies
  Nikola (Spider:4)
  2 bone dragons
  A moon troll (WizLab)
  6 liches
  A deep elf blademaster (Elf:3)
  Gastronok (Lair:3)
  9 tentacled starspawn
  5 titans (Vaults:5)
  A kraken (Shoals:1)
  A quicksilver dragon (WizLab)
  17 acid blobs
  Kirke (Shoals:4)
  6 ancient champions
  3 shadow dragons
  5 sphinxes
  The ghost of Lott the Acrobat, an adept OpFi of Dithmenos (Elf:2)
  The ghost of Baxzics the Sorcerer, an adept DECj of Vehumet (Spider:1)
  5 revenants
  A draconian monk (Zig:4)
  3 storm dragons (Vaults:5)
  8 tengu reavers
  2 narguns (Zig:7)
  6 fire giants
  A draconian knight (Zig:8)
  An emperor scorpion (Spider:4)
  9 azure jellies
  11 deep elf sorcerers
  8 rockslimes
  A balrug (Depths:1)
  4 frost giants
  A ghost moth (Spider:4)
  The ghost of Fractals the Peltast, a journeyman MiBe of Trog (D:13)
  2 orc warlords
  3 deep elf elementalists
  A caustic shrike zombie (Depths:3)
  A ghoul (Crypt:3)
  10 vault wardens
  A draconian scorcher (Zig:8)
  An angel (Depths:3)
  18 ironbound preservers
  2 draconian shifters (Zig:8)
  4 curse skulls
  A juggernaut skeleton (Zig:9)
  3 draconian annihilators
  A reaper (Depths:1)
  13 quicksilver oozes
  10 formless jellyfish
  7 ironbound thunderhulks
  A war gargoyle (Vaults:5)
  16 stone giants
  A caustic shrike skeleton (Crypt:3)
  22 very ugly things
  2 vampire knights
  3 deep elf annihilators (Elf:3)
  3 spark wasps
  9 dire elephants
  A bunyip (shapeshifter) (Vaults:5)
  A black draconian (Zig:8)
  A red draconian (Zig:8)
  A wendigo (Zig:7)
  5 deep elf demonologists
  A yellow draconian (Zig:8)
  9 deep elf death magi
  A purple draconian (Zig:4)
  An iron golem (Zig:2)
  6 mummy priests
  A blizzard demon (Zig:7)
  4 eidola
  3 fire dragons
  14 jiangshi
  6 merfolk javelineers
  13 merfolk impalers
  11 ettins
  Josephine (D:15)
  An entropy weaver (Vaults:1)
  7 great orbs of eyes
  7 deep elf high priests
  16 yaktaur captains
  A spriggan zombie (Crypt:3)
  4 hydras
  2 quicksilver dragon skeletons (Crypt:1)
  2 rakshasas (Depths:3)
  32 vault guards
  Fannar (Lair:3)
  10 ice dragons
  2 ghost crabs (Zig:10)
  2 radroaches
  The ghost of LobsterGuardian the Basher, a journeyman VSBe of Trog (D:13)
  A hell beast (Depths:1)
  3 merfolk avatars
  A spriggan air mage (Depths:3)
  6 ironbound frosthearts
  6 boulder beetles
  A jorogumo (Spider:1)
  2 merfolk aquamancers
  3 deep troll shamans
  6 centaur warriors
  2 two-headed ogres
  2 death knights (Crypt:2)
  A death scarab (Zig:9)
  A titan zombie (Crypt:3)
  7 tengu warriors
  2 satyrs
  7 vampire magi
  2 spectral emperor scorpions (Spider:1)
  11 deep troll earth magi
  An orc high priest (Orc:2)
  Urug (D:13)
  6 hell knights
  9 deep elf knights
  3 spriggan berserkers
  2 emperor scorpion zombies
  Sonja (Lair:4)
  16 skeletal warriors
  2 skysharks
  A salamander mystic (Zig:3)
  A sun moth (Spider:4)
  4 shadow wraiths
  2 wretched stars (Zig:6)
  17 sea snakes
  An anaconda zombie (Crypt:3)
  A ghost moth zombie (Crypt:3)
  3 iron trolls
  A bunyip zombie (Crypt:3)
  A spatial maelstrom (Zig:6)
  3 pharaoh ants
  A shadow demon (Depths:2)
  9 glowing orange brains
  A golden dragon skeleton (Crypt:1)
  9 flayed ghosts
  58 deep trolls
  14 ironbound convokers
  A tengu zombie (Depths:3)
  11 deep elf archers
  8 wizards
  32 deep elf zephyrmancers
  27 deep elf pyromancers
  5 steelbarb worms
  13 lindwurms
  5 harpies (Shoals:4)
  A kraken simulacrum (Shoals:4)
  A broodmother zombie (Crypt:3)
  7 phantasmal warriors
  12 orc knights
  17 wolf spiders
  5 necromancers
  A wolf spider (shapeshifter) (Vaults:3)
  36 ugly things
  17 manticores
  5 shining eyes
  7 orc sorcerers
  A faun (shapeshifter) (Vaults:4)
  A stone giant zombie (Crypt:1)
  3 cyclopes
  14 starcursed masses
  11 fauns
  A frost giant skeleton (Zig:9)
  6 elephants
  8 vault sentinels
  4 moths of wrath
  Joseph (D:8)
  7 eyes of devastation
  11 merfolk sirens
  3 smoke demons
  6 black mambas
  8 water nymphs
  A storm dragon simulacrum (Depths:3)
  A demonic crawler (Spider:4)
  2 gargoyles
  3 torpor snails
  3 unseen horrors
  18 cane toads
  2 hellions (Zig:7)
  4 rime drakes
  53 yaktaurs
  A black draconian zombie (Crypt:1)
  An efreet (D:15)
  A swamp worm zombie (Crypt:2)
  5 tengu conjurers
  10 freezing wraiths
  8 komodo dragons
  A ghost moth simulacrum (Spider:1)
  14 guardian mummies
  A harpy zombie (Crypt:3)
  A tormentor (Zig:2)
  2 ancient zymes (Zig:6)
  A green draconian skeleton (Crypt:2)
  6 wind drakes (Shoals:4)
  22 merfolk
  3 trolls
  13 meliai
  2 polar bears
  14 tarantellas
  A mana viper skeleton (Crypt:2)
  3 hornets (Depths:3)
  A wolf spider simulacrum (Spider:1)
  29 blink frogs
  A hornet (shapeshifter) (D:14)
  A dream sheep (shapeshifter) (Vaults:5)
  A merfolk zombie (Crypt:3)
  2 nameless horrors (Vaults:3)
  Grinder (D:4)
  12 dream sheep
  8 snapping turtles
  96 slime creatures
  An ettin skeleton (Crypt:3)
  5 fire dragon skeletons (Crypt:1)
  12 wraiths
  A ynoxinul (Depths:2)
  2 shadows
  4 hogs (Shoals:4)
  8 wyverns
  25 water elementals
  A vampire (D:11)
  19 culicivoras
  15 jumping spiders
  4 spriggans
  43 yaks
  A fire elemental (Elf:3)
  6 ushabtiu
  12 basilisks
  20 golden eyes
  13 vampire mosquitoes
  8 steam dragons
  2 chaos spawn
  2 neqoxecs (WizLab)
  A skyshark zombie (Crypt:1)
  A spectral entropy weaver (Spider:1)
  38 redbacks
  A large abomination (Lair:5)
  3 wargs
  A cane toad zombie (Crypt:3)
  Menkaure (D:7)
  19 water moccasins
  4 small abominations (Lair:5)
  A floating eye (shapeshifter) (Vaults:5)
  5 hell hounds
  4 floating eyes
  28 orc warriors
  3 sky beasts
  A black bear (D:5)
  An ice dragon simulacrum (Crypt:3)
  3 ice beasts
  A manticore zombie (Crypt:1)
  3 boggarts (D:14)
  27 wolves
  2 ogres (Orc:1)
  6 centaurs
  A phantom (D:5)
  4 kobold brigands
  2 gnoll sergeants
  Blork the orc (D:4)
  2 scorpions (Lair:2)
  9 bullfrogs
  4 wights (D:7)
  11 killer bees
  8 electric eels
  4 howler monkeys
  2 bullfrog zombies (Crypt:2)
  4 jellies
  3 hounds
  29 orc priests
  A sleepcap (D:6)
  3 iguanas
  37 orc wizards
  A sickly merfolk siren (Sewer)
  6 hell rats (Lair:4)
  A malarious merfolk avatar (Sewer)
  An ice beast zombie (Crypt:2)
  An acid dragon zombie (Crypt:3)
  A naga skeleton (Crypt:3)
  An acid dragon skeleton (Crypt:3)
  7 mummies
  20 gnolls
  9 adders
  3 river rats
  A steam dragon skeleton (Crypt:3)
  An ufetubus (D:6)
  An adder zombie (Crypt:2)
  An adder skeleton (Crypt:2)
  7 worms
  2 dart slugs
  77 orcs
  15 ball pythons
  6 endoplasms
  7 giant cockroaches
  10 hobgoblins
  7 jackals
  7 quokkas
  A ball python zombie (Crypt:1)
  9 bats
  9 frilled lizards
  12 goblins
  52 kobolds
  A kobold skeleton (Crypt:3)
  35 rats
  21 ball lightnings
  12 starspawn tentacles
  2 tentacles (Shoals:1)
2138 creatures vanquished.

Vanquished Creatures (collateral kills)
  A bone dragon (Crypt:3)
  3 tentacled monstrosities (Vaults:5)
  Jorgrun (Shoals:3)
  3 acid blobs
  2 tentacled starspawn (WizLab)
  An ancient champion (Crypt:3)
  An azure jelly (Slime:5)
  3 tengu reavers (Vaults:5)
  A revenant (Crypt:3)
  3 rockslimes (Slime:5)
  5 vault wardens
  3 ghost moths (Spider:4)
  2 emperor scorpions
  3 deep elf sorcerers
  2 ironbound preservers
  An orc warlord (Vaults:4)
  A cacodemon (WizLab)
  4 formless jellyfish
  2 war gargoyles (Vaults:5)
  3 reapers
  A very ugly thing (Depths:2)
  4 ironbound thunderhulks
  A stone giant (Vaults:5)
  A broodmother (Spider:2)
  A deep elf demonologist (Elf:1)
  A vampire knight (Vaults:2)
  A spark wasp (Spider:3)
  2 dire elephants (Vaults:4)
  A deep elf annihilator (Elf:1)
  3 crystal guardians (WizLab)
  A fire dragon (Volcano)
  2 entropy weavers
  A deep elf high priest (Vaults:5)
  2 yaktaur captains
  2 great orbs of eyes
  Erolcha (D:11)
  A two-headed ogre (D:13)
  3 boulder beetles
  3 ironbound frosthearts
  28 dancing weapons
  A death knight (Crypt:3)
  A vampire mage (Vaults:2)
  A deep elf knight (Elf:2)
  A hell knight (Crypt:1)
  Nergalle (D:11)
  A pharaoh ant (Spider:3)
  A flayed ghost (Crypt:3)
  An orange crystal statue (WizLab)
  A deep elf archer (Elf:1)
  7 ironbound convokers
  An orb spider (Spider:4)
  5 lindwurms
  2 wizards
  A lindwurm (shapeshifter) (Vaults:5)
  3 deep elf pyromancers
  An ugly thing (Vaults:1)
  2 deep elf zephyrmancers
  2 wolf spiders (Spider:4)
  4 shining eyes
  A shining eye (shapeshifter) (Vaults:5)
  A cyclops (D:12)
  A moth of wrath (shapeshifter) (D:13)
  2 rust devils (Depths:2)
  A merfolk siren (Shoals:1)
  6 demonic crawlers
  A smoke demon (Depths:2)
  2 eyes of devastation
  3 vault sentinels
  A gargoyle (D:13)
  An ancient zyme (Lair:4)
  A meliai (Spider:1)
  A tarantella (Spider:4)
  5 slime creatures
  An air elemental (Elf:2)
  5 jumping spiders
  A wraith (Vaults:2)
  A ynoxinul (Lair:5)
  A culicivora (Spider:4)
  An ushabti (Crypt:3)
  A water elemental (Elf:1)
  11 redbacks
  A golden eye (WizLab)
  3 vampire mosquitoes (D:12)
  3 neqoxecs
  2 wargs
  2 orc warriors (Orc:2)
  3 earth elementals (Elf:1)
  2 nameless horrors
  2 orc priests
  An orc (Orc:2)
  A goblin (D:4)
  4 kobolds (D:6)
  42 ball lightnings
  A starspawn tentacle (WizLab)
258 creatures vanquished.

Vanquished Creatures (others)
  A draconian annihilator (Zig:4)
  A red draconian (Zig:4)
  A merfolk aquamancer (Shoals:4)
  An orb spider (Spider:1)
  An air elemental (Elf:2)
  2 boggarts (D:14)
  An orc wizard (Orc:2)
  776 ball lightnings
  15 starspawn tentacles
  13 tentacles
812 creatures vanquished.

Grand Total: 3208 creatures vanquished

Notes
Turn   | Place    | Note
-------+----------+-------------------------------------------
     0 | D:1      | TittyCrusher the Djinni Ice Elementalist began the quest
                  | for the Orb.
     0 | D:1      | TittyCrusher set off with the following spells memorised:
                  | Freeze, Frozen Ramparts, Ozocubu's Armour, Summon Ice
                  | Beast.
     0 | D:1      | Reached XP level 1. HP: 15/15 MP: 0/0
    29 | D:1      | Found Ataot's Weapon Shoppe.
    33 | D:1      | Upgraded the game from 0.31-a0-112-gdf0485fa37 to
                  | 0.31-a0-115-g4708a659fe
   138 | D:1      | Reached XP level 2. HP: 13/21 MP: 0/0
   428 | D:1      | Reached XP level 3. HP: 24/25 MP: 0/0
   428 | D:1      | Learned a level 1 spell: Sting
   466 | D:1      | Reached skill level 4 in Necromancy
   707 | D:2      | Found Zywk's Magic Scroll Shoppe.
   713 | D:2      | Bought a scroll of identify for 20 gold pieces
   794 | D:2      | Found Qaypn's Assorted Antiques.
   796 | D:2      | Identified the +2 robe "Paipsyhi" {Harm Rampage *Slow
                  | Regen+}
   804 | D:2      | Found a glowing silver altar of Zin.
  1032 | D:2      | Bought a scroll of teleportation for 30 gold pieces
  1094 | D:2      | Reached XP level 4. HP: 28/31 MP: 0/0
  1363 | D:2      | Reached XP level 5. HP: 35/35 MP: 0/0
  1363 | D:2      | Learned a level 2 spell: Scorch
  1373 | D:2      | Found Ysykenuf's Distillery.
  1668 | D:3      | Found Hyniaw's Antique Weapon Shop.
  2114 | D:3      | Reached skill level 5 in Spellcasting
  2114 | D:3      | Reached skill level 5 in Conjurations
  2114 | D:3      | Reached skill level 5 in Hexes
  2114 | D:3      | Reached skill level 5 in Summonings
  2114 | D:3      | Reached skill level 5 in Necromancy
  2114 | D:3      | Reached skill level 5 in Translocations
  2114 | D:3      | Reached skill level 5 in Transmutations
  2114 | D:3      | Reached skill level 5 in Fire Magic
  2114 | D:3      | Reached skill level 5 in Ice Magic
  2114 | D:3      | Reached skill level 5 in Air Magic
  2114 | D:3      | Reached skill level 5 in Earth Magic
  2114 | D:3      | Reached skill level 5 in Poison Magic
  2528 | D:2      | Bought a potion of curing for 42 gold pieces
  2715 | D:4      | Noticed an ice beast
  2743 | D:4      | Killed an ice beast
  2744 | D:4      | Reached XP level 6. HP: 38/40 MP: 0/0
  3222 | D:2      | Bought a scroll of blinking for 75 gold pieces
  3309 | D:4      | Noticed Blork the orc
  3318 | D:4      | Killed Blork the orc
  3327 | D:4      | Reached skill level 6 in Necromancy
  3619 | D:2      | Bought a scroll of identify for 20 gold pieces
  3803 | D:4      | Identified the +0 robe of Moozottiedgh {*Corrode +Inv rF+}
  3809 | D:4      | Found a snail-covered altar of Cheibriados.
  3874 | D:4      | Noticed Grinder
  3880 | D:4      | Killed Grinder
  3881 | D:4      | Reached XP level 7. HP: 29/45 MP: 0/0
  3881 | D:4      | Learned a level 2 spell: Call Imp
  4263 | D:5      | Entered Level 5 of the Dungeon
  4358 | D:5      | Noticed a troll
  4358 | D:5      | Noticed a wraith
  4600 | D:2      | Bought a potion of heal wounds for 70 gold pieces
  4746 | D:5      | Killed a troll
  4747 | D:5      | Reached skill level 7 in Necromancy
  4747 | D:5      | Reached XP level 8. HP: 43/50 MP: 0/0
  4801 | D:5      | Killed a wraith
  4988 | D:5      | Reached skill level 8 in Necromancy
  4992 | D:5      | Noticed a gargoyle
  5192 | D:5      | Killed a gargoyle
  5193 | D:5      | Reached XP level 9. HP: 30/55 MP: 0/0
  5193 | D:5      | Learned a level 4 spell: Cause Fear
  5535 | D:5      | Reached skill level 9 in Necromancy
  5667 | D:6      | Found a staircase to the Ecumenical Temple.
  5677 | Temple   | Entered the Ecumenical Temple
  5683 | Temple   | Became a worshipper of Makhleb the Destroyer
  5817 | D:6      | Found a glowing drain.
  5825 | Sewer    | Entered a sewer
  5911 | Sewer    | Reached * piety under Makhleb
  6052 | Sewer    | Reached ** piety under Makhleb
  6298 | D:6      | Found a basalt altar of Yredelemnul.
  7479 | D:6      | Reached *** piety under Makhleb
  7480 | D:6      | Reached skill level 10 in Spellcasting
  7480 | D:6      | Reached skill level 10 in Conjurations
  7480 | D:6      | Reached skill level 10 in Hexes
  7480 | D:6      | Reached skill level 10 in Summonings
  7480 | D:6      | Reached skill level 10 in Necromancy
  7480 | D:6      | Reached skill level 10 in Translocations
  7480 | D:6      | Reached skill level 10 in Transmutations
  7480 | D:6      | Reached skill level 10 in Fire Magic
  7480 | D:6      | Reached skill level 10 in Ice Magic
  7480 | D:6      | Reached skill level 10 in Air Magic
  7480 | D:6      | Reached skill level 10 in Earth Magic
  7480 | D:6      | Reached skill level 10 in Poison Magic
  7922 | D:7      | Identified the +4 spear of Leomus {pain, rF- rC+ Int+7
                  | Dex+3}
  7933 | D:7      | Reached XP level 10. HP: 46/60 MP: 0/0
  7938 | D:7      | Noticed Menkaure
  7940 | D:7      | Killed Menkaure
  7992 | D:7      | Found a sparkling altar of Nemelex Xobeh.
  7995 | D:7      | Found a glowing silver altar of Zin.
  8243 | D:7      | Noticed a komodo dragon
  8250 | D:7      | Killed a komodo dragon
  8251 | D:7      | Reached skill level 11 in Necromancy
  8794 | D:7      | Found a shimmering altar of Xom.
  9125 | D:2      | Bought a potion of heal wounds for 70 gold pieces
  9125 | D:2      | Bought a potion of ambrosia for 112 gold pieces
  9468 | D:8      | Reached skill level 1 in Fighting
  9791 | D:8      | Noticed Joseph
  9799 | D:8      | Killed Joseph
  9943 | D:8      | Reached **** piety under Makhleb
  9951 | D:8      | Found a hazy altar of Hepliaklqana.
 10301 | D:9      | Reached skill level 5 in Fighting
 10303 | D:9      | Reached XP level 11. HP: 41/76 MP: 0/0
 10303 | D:9      | Learned a level 4 spell: Dispel Undead
 10566 | D:9      | Noticed a two-headed ogre
 10580 | D:9      | Killed a two-headed ogre
 11074 | D:10     | Entered Level 10 of the Dungeon
 11136 | D:10     | Found Cuubleco's Jewellery Boutique.
 11600 | D:10     | Found a staircase to the Orcish Mines.
 12297 | D:11     | Reached skill level 10 in Fighting
 12362 | D:11     | Reached ***** piety under Makhleb
 12740 | D:2      | Bought an embroidered hat for 182 gold pieces
 13201 | D:2      | Bought a scroll of identify for 52 gold pieces
 13493 | D:11     | Noticed Erolcha
 13539 | D:11     | Found a staircase to the Lair.
 13548 | Lair:1   | Entered Level 1 of the Lair of Beasts
 13729 | Lair:1   | Reached XP level 12. HP: 93/94 MP: 0/0
 14014 | Lair:1   | Reached skill level 5 in Dodging
 14023 | Lair:1   | Found a transporter.
 14025 | Lair:1   | Found a transporter.
 14026 | Lair:1   | Noticed a boulder beetle
 15522 | Lair:2   | Found a hole to the Spider Nest.
 15706 | Lair:2   | Reached skill level 10 in Dodging
 16102 | Lair:3   | Found a dark tunnel.
 16105 | Lair:3   | Reached XP level 13. HP: 96/99 MP: 0/0
 16105 | Lair:3   | Learned a level 5 spell: Metabolic Englaciation
 16111 | Volcano  | Entered a volcano
 16445 | Volcano  | Noticed a fire dragon
 16445 | Volcano  | Found the +2 cloak of the Thief {*Fog Slay-2 SInv Stlth+}
 16463 | Volcano  | Killed a fire dragon
 16775 | Lair:3   | Noticed Fannar
 16810 | Lair:3   | Killed Fannar
 17045 | Lair:3   | Reached ****** piety under Makhleb
 17077 | Lair:3   | Reached skill level 5 in Shields
 17085 | Lair:3   | Found a staircase to the Shoals.
 17127 | Lair:3   | Noticed Gastronok
 17143 | Lair:3   | Killed Gastronok
 17496 | Lair:3   | Found a runed translucent door.
 17627 | Lair:3   | Noticed a minotaur
 17873 | Lair:4   | Noticed a seven-headed hydra
 17892 | Lair:4   | Killed a seven-headed hydra
 17978 | Lair:4   | Reached XP level 14. HP: 105/105 MP: 0/0
 18192 | Lair:4   | Reached skill level 1 in Invocations
 18228 | Lair:4   | Noticed Sonja
 18235 | Lair:4   | Killed Sonja
 18475 | Lair:4   | Reached skill level 5 in Invocations
 18688 | Lair:4   | Found a staircase to the Slime Pits.
 18868 | Lair:5   | Entered Level 5 of the Lair of Beasts
 19663 | Lair:5   | Reached skill level 10 in Invocations
 19740 | Lair:5   | Reached XP level 15. HP: 78/110 MP: 0/0
 19740 | Lair:5   | Learned a level 6 spell: Conjure Ball Lightning
 20650 | D:11     | Noticed Nergalle
 20683 | D:11     | Killed Nergalle
 21056 | D:11     | Noticed a balrug
 22026 | D:12     | Reached skill level 12 in Necromancy
 22749 | Orc:1    | Entered Level 1 of the Orcish Mines
 23140 | Orc:1    | Found Zaejoskyemo's Magic Scroll Shoppe.
 23412 | Orc:2    | Entered Level 2 of the Orcish Mines
 23635 | Orc:2    | Paralysed by an orc sorcerer for 5 turns
 24032 | Orc:2    | Found a staircase to the Elven Halls.
 24372 | Orc:2    | Found Qudihank's Weapon Boutique.
 24372 | Orc:2    | Found Ifuac's Distillery.
 24373 | Orc:2    | Found Amiy's Armour Shop.
 24380 | Orc:2    | Found Sior's Weapon Boutique.
 24782 | D:10     | Bought the ring of the Mage {Wiz Archmagi} for 714 gold
                  | pieces
 24782 | D:10     | Found the ring of the Mage {Wiz Archmagi}
 24888 | Orc:2    | Bought a +2 helmet of intelligence for 322 gold pieces
 25161 | D:13     | Reached skill level 13 in Necromancy
 25305 | D:13     | Found a gate to the Vaults.
 25354 | D:13     | Found a runed translucent gate.
 25355 | D:13     | Found a runed translucent gate.
 25371 | D:13     | Found a runed translucent gate.
 25372 | D:13     | Noticed a lich
 25372 | D:13     | Noticed a lich
 25373 | D:13     | Noticed a lich
 25373 | D:13     | Noticed Fractals's ghost (journeyman MiBe)
 25373 | D:13     | Noticed LobsterGuardian's ghost (journeyman VSBe)
 25429 | D:13     | Noticed Urug
 25441 | D:13     | Killed Urug
 26069 | D:13     | Found Menif's Magic Scroll Emporium.
 26073 | D:13     | Bought a scroll of acquirement for 624 gold pieces
 26075 | D:13     | Acquired the +3 tower shield "Wyaroiw" {Will++ rCorr}
 26077 | D:13     | Upgraded the game from 0.31-a0-115-g4708a659fe to
                  | 0.31-a0-117-g42d8f58691
 26230 | Orc:2    | Bought a potion of curing for 30 gold pieces
 26412 | Spider:1 | Entered Level 1 of the Spider Nest
 26435 | Spider:1 | Found a transporter.
 26459 | Spider:1 | Noticed Baxzics's ghost (adept DECj)
 26486 | Spider:1 | Found a transporter.
 26667 | Spider:1 | Reached XP level 16. HP: 103/116 MP: 0/0
 26738 | Spider:1 | You are sucked into a shaft and drop 1 floor!
 27089 | Spider:2 | Noticed an emperor scorpion
 28025 | Spider:1 | Reached skill level 15 in Dodging
 29222 | Spider:2 | Killed an emperor scorpion
 30401 | Spider:3 | Identified the +2 rapier "Xugi" {heavy, Str+4 SInv}
 30926 | Spider:4 | Entered Level 4 of the Spider Nest
 32219 | Spider:4 | Reached XP level 17. HP: 113/121 MP: 0/0
 32219 | Spider:4 | Learned a level 6 spell: Starburst
 32368 | Spider:4 | Noticed Nikola
 32458 | Spider:4 | Killed Nikola
 32611 | Spider:4 | Got a gossamer rune of Zot
 33278 | D:2      | Bought an iron ring for 130 gold pieces
 33287 | D:2      | Bought a potion of curing for 78 gold pieces
 33287 | D:2      | Bought a scroll of teleportation for 78 gold pieces
 33563 | Orc:1    | Bought a scroll of fear for 60 gold pieces
 33730 | Shoals:1 | Entered Level 1 of the Shoals
 33792 | Shoals:1 | Found Myptats's Firing Range.
 33952 | Shoals:1 | Noticed a kraken
 33990 | Shoals:1 | Killed a kraken
 34133 | Shoals:1 | Reached skill level 1 in Armour
 35249 | Shoals:2 | Reached skill level 5 in Armour
 35608 | Shoals:2 | Found Moclohyt's Jewellery Boutique.
 36317 | Shoals:3 | Found Icvazxao's Overcharged Wands.
 36466 | Shoals:3 | Reached XP level 18. HP: 118/128 MP: 0/0
 36467 | Shoals:3 | Noticed Jorgrun
 36491 | Shoals:3 | HP: 3/128 [merfolk javelineer/javelin (23)]
 37234 | Shoals:3 | Found Soab Uvego's Armour Shop.
 37517 | Shoals:3 | Killed Jorgrun
 37593 | Shoals:4 | Entered Level 4 of the Shoals
 37789 | Shoals:4 | Noticed Kirke
 37801 | Shoals:4 | Killed Kirke
 37802 | Shoals:4 | Reached skill level 14 in Necromancy
 38552 | Shoals:4 | Reached skill level 15 in Spellcasting
 38552 | Shoals:4 | Reached skill level 15 in Conjurations
 38552 | Shoals:4 | Reached skill level 15 in Hexes
 38552 | Shoals:4 | Reached skill level 15 in Summonings
 38552 | Shoals:4 | Reached skill level 15 in Necromancy
 38552 | Shoals:4 | Reached skill level 15 in Translocations
 38552 | Shoals:4 | Reached skill level 15 in Transmutations
 38552 | Shoals:4 | Reached skill level 15 in Fire Magic
 38552 | Shoals:4 | Reached skill level 15 in Ice Magic
 38552 | Shoals:4 | Reached skill level 15 in Air Magic
 38552 | Shoals:4 | Reached skill level 15 in Earth Magic
 38552 | Shoals:4 | Reached skill level 15 in Poison Magic
 38570 | Shoals:4 | Got a barnacled rune of Zot
 38680 | Shoals:4 | Identified the +7 sling of Cruel Justice {freeze, Str+2
                  | SInv Stlth+}
 38865 | Shoals:4 | Identified the +5 great sword "Leuplaor" {venom, *Noise
                  | rPois Int+7 SInv}
 39348 | Vaults:1 | Entered Level 1 of the Vaults
 39471 | Vaults:1 | Reached XP level 19. HP: 135/135 MP: 0/0
 39471 | Vaults:1 | Learned a level 7 spell: Haunt
 39622 | Vaults:1 | Reached skill level 1 in Polearms
 40191 | Vaults:1 | Reached skill level 5 in Polearms
 40685 | Vaults:1 | Identified the +10 chain mail of the Forest {+Blink rPois
                  | Will- SInv}
 41569 | Vaults:2 | Found a staircase to the Crypt.
 42740 | Vaults:3 | Reached XP level 20. HP: 121/140 MP: 0/0
 42815 | Vaults:3 | Found Bonativ's Armour Shoppe.
 43413 | Vaults:3 | Reached skill level 10 in Polearms
 43780 | Vaults:3 | Found a transporter.
 43823 | Vaults:3 | Found a transporter.
 44835 | Vaults:3 | Identified the ring of Cohext {+Blink rN+}
 44963 | Crypt:1  | Entered Level 1 of the Crypt
 45598 | Crypt:1  | Noticed a bone dragon
 45606 | Crypt:1  | Killed a bone dragon
 48318 | Crypt:3  | Entered Level 3 of the Crypt
 48534 | Crypt:3  | Reached XP level 21. HP: 151/151 MP: 0/0
 48534 | Crypt:3  | Learned a level 8 spell: Disjunction
 49223 | Crypt:3  | Found a staircase to the Tomb.
 49692 | Crypt:3  | Noticed a bone dragon
 49699 | Crypt:3  | Noticed a bone dragon
 49701 | Crypt:3  | Identified the amulet "Binof" {RegenMP +Blink rN++ Will-
                  | Slay+2}
 49703 | Crypt:3  | Killed a bone dragon
 49704 | Crypt:3  | Reached skill level 16 in Necromancy
 49971 | Crypt:3  | Killed a bone dragon
 50609 | Crypt:3  | Found a basalt altar of Yredelemnul.
 50704 | Crypt:3  | Identified the +3 long sword "Trog's Righteous Anger"
                  | {heavy, rN++ Str+4 Stlth-}
 51393 | Vaults:4 | Reached XP level 22. HP: 94/160 MP: 0/0
 51397 | Vaults:4 | Reached skill level 17 in Necromancy
 53667 | Elf:1    | Entered Level 1 of the Elven Halls
 53676 | Elf:1    | Reached skill level 18 in Necromancy
 55700 | Elf:2    | Found Vupof's Antique Weapon Boutique.
 55799 | Elf:2    | Found Sadoeteu's Assorted Antiques.
 55965 | Elf:2    | Found Xikhliq's Antique Weapon Emporium.
 56185 | Elf:2    | Found a runed translucent door.
 56187 | Elf:2    | Noticed Lott's ghost (adept OpFi)
 56214 | Elf:2    | Killed Lott's ghost
 56215 | Elf:2    | Reached XP level 23. HP: 156/166 MP: 0/0
 56215 | Elf:2    | Learned a level 8 spell: Borgnjor's Revivification
 56455 | Elf:2    | Found a runed translucent door.
 56535 | Elf:2    | Found a runed translucent door.
 56937 | Elf:3    | Entered Level 3 of the Elven Halls
 57031 | Elf:3    | Reached skill level 19 in Necromancy
 58120 | Elf:3    | Identified the +0 scale mail of Insatiable Hunger {Str+6
                  | Dex+5 Stlth-}
 58160 | Elf:3    | Identified the staff of cold "Loutunugh" {+Blink Fly rPois
                  | rC+ Dex-4}
 58182 | Elf:3    | Identified the +8 flail "Newtslayer" {freeze, rElec rC+ rN+
                  | Stlth+}
 58562 | Elf:3    | Identified the +4 sling of Spores {speed, Will+ Int-2 Dex+6
                  | Stlth+}
 58647 | Elf:3    | Identified the +5 plate armour "Ytuirrut" {-Cast rElec rF-
                  | Dex+7}
 59897 | D:13     | Killed LobsterGuardian's ghost
 60151 | D:13     | Killed Fractals's ghost
 60178 | D:13     | Identified the +0 helmet of Terror {Rampage rPois rCorr}
 60183 | D:13     | Identified the ring "Zer Reygh" {Ice SInv}
 60185 | D:13     | Identified the +5 halberd of the Riding Gods {flame, rF++}
 60599 | Spider:1 | Killed Baxzics's ghost
 60973 | Elf:2    | Reached skill level 10 in Shields
 62685 | Vaults:3 | Identified the staff of fire "Otykhlyff" {rF+ Will- MP+9
                  | Int+2}
 62687 | Vaults:3 | Identified the ring of Free Expression {rF+ rCorr Str+3
                  | Dex+3}
 62697 | Vaults:3 | Identified the ring of the Sky {Fly rC+ Slay+3}
 63046 | Orc:1    | Bought a scroll of teleportation for 45 gold pieces
 63046 | Orc:1    | Bought a scroll of teleportation for 45 gold pieces
 63046 | Orc:1    | Bought a scroll of teleportation for 45 gold pieces
 63046 | Orc:1    | Bought a scroll of teleportation for 45 gold pieces
 63358 | Vaults:5 | Entered Level 5 of the Vaults
 63371 | Vaults:5 | Reached XP level 24. HP: 134/172 MP: 0/0
 64044 | Vaults:5 | Identified the staff of earth "Giagul" {Fly rC+ Str-2
                  | Stlth+}
 64044 | Vaults:5 | Identified the +0 robe "Nucuh" {rElec rN+ Int-5 Slay+6}
 64366 | Vaults:5 | Reached skill level 15 in Shields
 64460 | Vaults:5 | Reached skill level 20 in Necromancy
 64596 | Vaults:5 | Identified the ring "Riathidi" {rPois rF- rCorr Int+4}
 64909 | Vaults:5 | Reached skill level 21 in Necromancy
 65397 | Vaults:5 | Got a silver rune of Zot
 65614 | Vaults:5 | Identified the +8 chain mail "Buefah" {rC++ Int-2 Slay+3
                  | Stlth+}
 67153 | D:2      | Bought a scroll of enchant armour for 75 gold pieces
 67426 | Slime:1  | Entered Level 1 of the Pits of Slime
 67429 | Slime:1  | Reached skill level 1 in Evocations
 67456 | Slime:1  | Reached XP level 25. HP: 175/177 MP: 0/0
 67456 | Slime:1  | Learned a level 8 spell: Discord
 68252 | Slime:3  | Reached skill level 5 in Evocations
 68262 | Slime:3  | Gained mutation: Your body sometimes deteriorates upon
                  | taking damage. [a shining eye]
 68331 | Slime:2  | You are sucked into a shaft and drop 1 floor!
 68897 | Slime:5  | Entered Level 5 of the Pits of Slime
 69037 | Slime:4  | Paralysed by a great orb of eyes for 2 turns
 69475 | Slime:5  | Noticed the Royal Jelly
 69476 | Slime:5  | Gained mutation: You have hidden genetic defects. [a
                  | shining eye]
 69548 | Slime:5  | Killed the Royal Jelly
 69549 | Slime:5  | Reached skill level 10 in Evocations
 70304 | Slime:5  | Identified the amulet of Sazeyh {Spirit rElec Str+2 Int+3}
 70315 | Slime:5  | Got a slimy rune of Zot
 70317 | Slime:5  | Acquired 944 gold pieces
 70325 | Slime:5  | Identified the +6 trident of Gozag's Delight {elec, rPois
                  | Will- Dex+6 SInv}
 70354 | Slime:5  | Identified the +6 orcbow of the Breathing Vulture {drain,
                  | Drain Str+4 Int+2}
 70440 | Slime:5  | Gained mutation: You sometimes lose your temper in combat.
                  | [hidden defects]
 70479 | Slime:4  | Lost mutation: You have hidden genetic defects. [potion of
                  | mutation]
 70479 | Slime:4  | Lost mutation: You sometimes lose your temper in combat.
                  | [potion of mutation]
 70479 | Slime:4  | Lost mutation: Your body sometimes deteriorates upon taking
                  | damage. [potion of mutation]
 70479 | Slime:4  | Gained mutation: You are resistant to electric shocks.
                  | (rElec) [potion of mutation]
 70479 | Slime:4  | Gained mutation: You have a pair of small antennae on your
                  | head. [potion of mutation]
 70479 | Slime:4  | Gained mutation: You are dopey. (Int -2) [potion of
                  | mutation]
 71030 | D:14     | Reached skill level 1 in Staves
 71461 | D:11     | Killed Erolcha
 72350 | D:15     | Entered Level 15 of the Dungeon
 72366 | D:15     | Noticed Josephine
 72369 | D:15     | Killed Josephine
 72528 | D:15     | Found a staircase to the Depths.
 72600 | D:15     | Reached skill level 5 in Staves
 73245 | Depths:1 | Entered Level 1 of the Depths
 73260 | Depths:1 | Reached XP level 26. HP: 154/184 MP: 0/0
 73815 | Depths:1 | Found a gateway to Hell.
 74213 | Depths:2 | Reached skill level 22 in Necromancy
 74569 | Depths:2 | Found a one-way gate leading to the halls of Pandemonium.
 75278 | Depths:3 | Found a magical portal.
 75281 | Depths:3 | Reached skill level 23 in Necromancy
 75388 | WizLab   | Entered Lehudib's Moon Base
 75478 | WizLab   | Found a transporter.
 76173 | WizLab   | Identified the +2 pair of gloves of Hiofom {rPois}
 76389 | WizLab   | Reached skill level 24 in Necromancy
 76435 | WizLab   | Found a transporter.
 76790 | WizLab   | Identified the staff of death "Hazotuen" {rN+ Dex+3}
 76871 | Depths:3 | Reached skill level 15 in Fighting
 76980 | Depths:3 | Reached XP level 27. HP: 191/191 MP: 0/0
 76980 | Depths:3 | Learned a level 9 spell: Polar Vortex
 77090 | Depths:3 | Found a hide-covered altar of Uskayaw.
 77098 | Depths:3 | Found a one-way gateway to a ziggurat.
 77218 | Depths:3 | Found a corrupted altar of Lugonu.
 77218 | Depths:3 | Found a one-way gate to the infinite horrors of the Abyss.
 77543 | Zig:1    | Entered Level 1 of a ziggurat
 77559 | Zig:2    | Entered Level 2 of a ziggurat
 77622 | Zig:2    | Identified the staff of cold "Ufrom" {rElec rC+ rN+ Int+4}
 77630 | Zig:3    | Entered Level 3 of a ziggurat
 77651 | Zig:4    | Entered Level 4 of a ziggurat
 77685 | Zig:5    | Entered Level 5 of a ziggurat
 77688 | Zig:5    | Noticed a royal mummy
 77702 | Zig:5    | Killed a royal mummy
 77703 | Zig:5    | Reached skill level 25 in Necromancy
 77754 | Zig:6    | Entered Level 6 of a ziggurat
 77756 | Zig:6    | Found the +8 demon blade "Leech" {evervamp, Harm Drain rN+}
 77797 | Zig:7    | Entered Level 7 of a ziggurat
 77802 | Zig:7    | Noticed an ancient lich
 77808 | Zig:7    | Killed an ancient lich
 77834 | Zig:7    | Identified the +2 robe "Moyrol" {Regen+ Dex+3}
 77839 | Zig:7    | Identified the +1 leather armour of Beepsauz {Will+ Str+3}
 77868 | Zig:8    | Entered Level 8 of a ziggurat
 77894 | Zig:8    | Identified the staff of fire "Yliruheh" {rF+ rC+}
 77909 | Zig:8    | Identified the +7 quick blade "Eluurogh" {freeze, rPois
                  | Str+2 Int+3 SInv}
 77913 | Zig:9    | Entered Level 9 of a ziggurat
 77920 | Zig:9    | Noticed a royal mummy
 77941 | Zig:9    | Killed a royal mummy
 77997 | Zig:9    | Identified the +7 demon whip of Lepniosch {elec, rCorr
                  | Str+4 Dex-4}
 77999 | Zig:9    | Identified the ring of the Eight Ghosts {Fly rPois rN+
                  | SInv}
 78010 | Zig:9    | Lost mutation: You are dopey. (Int -2) [potion of mutation]
 78010 | Zig:9    | Lost mutation: You have a pair of small antennae on your
                  | head. [potion of mutation]
 78010 | Zig:9    | Lost mutation: You are resistant to electric shocks.
                  | (rElec) [potion of mutation]
 78010 | Zig:9    | Gained mutation: You are partially covered in iridescent
                  | scales. (AC +2) [potion of mutation]
 78010 | Zig:9    | Gained mutation: You have a pair of small horns on your
                  | head. [potion of mutation]
 78010 | Zig:9    | Gained mutation: You possess an exceptional clarity of
                  | mind. [potion of mutation]
 78010 | Zig:9    | Gained mutation: You have a pair of horns on your head.
                  | [potion of mutation]
 78019 | Zig:10   | Entered Level 10 of a ziggurat
 78033 | Zig:10   | Reached skill level 26 in Necromancy
 78033 | Zig:10   | Killed from afar by a shadow dragon

Illustrated notes

Levels and vault maps discovered:
D:1:      spicycebolla_arrival_risky_transporter, layout_rooms, serial_shops,
          shop
D:2:      layout_basic, serial_shops, shop, nicolae_shop_peninsula,
          nicolae_shop_window_shopping, basic_altar, serial_bayou_pond_c,
          minmay_small_reverse_x
D:3:      layout_basic, serial_shops, shop
D:4:      layout_cave_pods, cheibrodos_worm_habitat, uniq_grinder,
          uniq_blork_the_orc
D:5:      layout_basic, hangedman_decor_slide_cut, minmay_manual_mess
D:6:      minmay_goblin_kobold_castle, layout_loops_corners,
          mainiacjoe_overflow_swirl, minmay_temple_entry_mist,
          gup_sewer_entry_bubbles
D:7:      layout_rooms, nicolae_overflow_squiral, tgw_xom, uniq_menkaure
D:8:      mumra_celtic_spiral_tile, layout_cave_pools,
          nicolae_hepliaklqana_hippocampus, uniq_joseph
D:9:      layout_loops_cross, item_on_display_a
D:10:     layout_long_grid, david_orc_4, serial_shops, shop_fountains
D:11:     layout_stronghold, erik_lair_orcish_takeover, serial_glass,
          glass_columns_a, glass_columns_a, minmay_strange_pillars,
          uniq_nergalle, uniq_erolcha
D:12:     layout_loops_cross
D:13:     layout_cave_pools, erik_vaults_1, serial_shops,
          nicolae_shop_back_alley_shop, gammafunk_ghost_crypt, uniq_urug
D:14:     layout_basic, serial_bayou_lagoon_a, eino_jars
D:15:     grunt_enter_depths_snipers, layout_small_grid, dreamdust_wishing_well,
          jiyva_altar_1, uniq_josephine
Temple:   hellmonk_temple_two_chambers
Lair:1:   gammafunk_boulding_lane, layout_chaotic_city
Lair:2:   layout_layer_cave, nicolae_spider_entry_non_spiders,
          serial_bayou_shore_a, grunt_megastairs_2
Lair:3:   dreamdust_labyrinth, layout_misc_corridors, elwin_shoals_entry_rooms,
          enter_volcano_3, uniq_fannar, uniq_gastronok
Lair:4:   layout_gridlike, slime_entry_1, special_room
          [special_room_mythical_zoo], uniq_sonja
Lair:5:   hellmonk_lair_end_abyssal_woods, layout_gridlike, st_stairs_10
Shoals:1: layout_shoals, nicolae_shop_firing_range
Shoals:2: layout_shoals, minmay_shop_enchanted_jewellery, st_sunken_huts
Shoals:3: layout_shoals, serial_shops, shop, nicolae_shop_overcharged_wands,
          uniq_jorgrun
Shoals:4: shoals_end_grunt_ice, layout_shoals, uniq_kirke
Spider:1: layout_cave_pods, gammafunk_ghost_mausoleum,
          einodemon_crawler_minivault
Spider:2: layout_spider_delve
Spider:3: layout_spider_delve
Spider:4: grunt_spider_rune_parallel, uniq_nikola
Slime:1:  layout_caves
Slime:2:  layout_caves
Slime:3:  layout_caves
Slime:4:  layout_caves, nicolae_slime_getting_an_eyeful
Slime:5
Orc:1:    layout_diamond_mine, serial_shops, nicolae_shop_just_a_little_nook,
          minmay_orc_temple_a
Orc:2:    st_orc_mages, layout_caves
Elf:1:    layout_loops_corners, hangedman_elf_represent, corexii_checkpoint_b
Elf:2:    nicolae_elf_blades_splatter_lattice
          [nicolae_blade_entry_splitting_headache], layout_loops_ring,
          ebering_ghost_inner_flame, serial_shops, shop,
          nicolae_shop_temple_entry_statues_fountains, nicolae_shop_peninsula
Elf:3:    minmay_elf_hall_spiked, layout_loops_cross
Vaults:1: hangedman_vaults_corner_blocks, v_misc_22, v_misc_18,
          hangedman_vaults_stream, nicolae_vaults_octagons,
          nicolae_vaults_network_star, nicolae_vaults_little_squares_4,
          nicolae_vaults_surprise_closet, ontoclasm_vaults_chip,
          nicolae_vaults_tetromino_T_2, ontoclasm_vaults_loading_screen,
          nicolae_vaults_trapezoid_lopsided_3, layout_vaults_ring
Vaults:2: vaults_room_corners, nicolae_vaults_apartment_2,
          nicolae_vaults_closet_pinwheel_4, v_alt_pattern_3,
          nicolae_vaults_two_Ls, hangedman_vaults_river_flow,
          vaults_room_corners, v_misc_30, v_misc_17,
          ontoclasm_vaults_ring_square, minmay_crypt_entry_simple_box,
          vaults_dpeg_encased_lava, layout_vaults_quadrants, serial_glass
Vaults:3: nicolae_vaults_swerve, v_misc_3, vaults_room_boxed,
          nicolae_vaults_taking_the_gang_shopping, gammafunk_its_a_trap,
          v_misc_31, nicolae_vaults_oval_intersection,
          vaults_standard_mumra_lines, nicolae_vaults_closet_pinwheel_2,
          vaults_dpeg_doors, nicolae_vaults_octothorpe,
          nicolae_vaults_offset_grid_hallway_2, vaults_room_hallway,
          layout_vaults_big_cross
Vaults:4: hangedman_vaults_hat, nicolae_vaults_six-pack,
          nicolae_vaults_oval_intersection, nicolae_vaults_closet_pinwheel_3,
          nicolae_vaults_tetromino_T_2, nicolae_vaults_alarming,
          nicolae_vaults_security_offices_6, v_misc_16, hangedman_vaults_nodes,
          nicolae_vaults_wine_cellar, nicolae_vaults_circle_grid_a,
          nicolae_vaults_theta, layout_vaults_big_room
Vaults:5
Crypt:1:  cheibrodos_crypt_draghalla, layout_catacombs, moated_statue
Crypt:2:  layout_basic, lemuel_nasty_fountain
Crypt:3:  lightli_unholy_cathedral, layout_chaotic_city,
          tomb_entry_simple_bobbens
Depths:1: layout_cave_shapes, serial_sigils, serial_sigils_hangedman_shear,
          serial_sigils_hangedman_scratch, serial_sigils_hangedman_stare,
          serial_sigils_hangedman_etch, serial_sigils_hangedman_clutch,
          serial_sigils_hangedman_leer, grunt_mini_vestibule
Depths:2: minmay_box_of_statues, layout_cave_pools, grunt_pan_entry_zigzag,
          hangedman_abyss_or_decor_passed, pf_hell_entry_great_geh
Depths:3: nicolae_moon_pools, layout_gridville, enter_ziggurat_f,
          infiniplex_enter_wizlab_water, abyss_entry_flame_altar, hell_entry,
          eat_drink_and_be_merry_uskayaw
Zig:10

Skill      XL: |  1  2  3  4  5  6  7  8  9 10 11 12 13 14 15 16 17 18 19 20 21 22 23 24 25 26 27 |
---------------+----------------------------------------------------------------------------------+-----
Spellcasting   | 4 5 6 7 8 10 11 13 15 16 18 19 20 22 23 | 23.1
Conjurations   | 4 5 6 7 8 10 11 13 15 16 18 19 20 22 23 | 23.1
Hexes          | 4 5 6 7 8 10 11 13 15 16 18 19 20 22 23 | 23.1
Summonings     | 4 5 6 7 8 10 11 13 15 16 18 19 20 22 23 | 23.1
Necromancy     | 4 5 6 7 8 10 11 13 15 16 18 19 21 24 26 | 26.0
Translocations | 4 5 6 7 8 10 11 13 15 16 18 19 20 22 23 | 23.1
Transmutations | 4 5 6 7 8 10 11 13 15 16 18 19 20 22 23 | 23.1
Fire Magic     | 4 5 6 7 8 10 11 13 15 16 18 19 20 22 23 | 23.1
Ice Magic      | 4 5 6 7 8 10 11 13 15 16 18 19 20 22 23 | 23.1
Air Magic      | 4 5 6 7 8 10 11 13 15 16 18 19 20 22 23 | 23.1
Earth Magic    | 4 5 6 7 8 10 11 13 15 16 18 19 20 22 23 | 23.1
Poison Magic   | 4 5 6 7 8 10 11 13 15 16 18 19 20 22 23 | 23.1
Fighting       | 5 11 13 14 15 | 15.3
Dodging        | 10 13 17 19 | 19.6
Shields        | 8 12 15 | 15.0
Invocations    | 10 | 10.7
Armour         | 7 8 |  8.0
Polearms       | 9 12 | 12.0
Evocations     | 2 11 | 11.3
Staves         | 5 |  5.9
Stealth        | |  1.5

Action                     |  1- 3 |  4- 6 |  7- 9 | 10-12 | 13-15 | 16-18 | 19-21 | 22-24 | 25-27 || total
---------------------------+-------+-------+-------+-------+-------+-------+-------+-------+-------++-------
  Melee: Unarmed           |     1 |       |       |       |       |       |       |       |       ||     1
         Staff             |     4 |    10 |    12 |     7 |     9 |     5 |       |    41 |   238 ||   326
         Spear             |       |       |       |       |     6 |    12 |   154 |    80 |       ||   252
         Demon trident     |       |       |       |       |       |       |     2 |       |       ||     2
  Throw: Dart              |       |       |     2 |     7 |    11 |    28 |    20 |     1 |       ||    69
   Cast: Freeze            |    43 |    43 |    47 |   174 |   137 |     1 |       |     2 |     1 ||   448
         Frozen Ramparts   |     4 |    12 |    49 |    83 |   172 |   212 |    65 |    45 |    32 ||   674
         Scorch            |       |     7 |    30 |    61 |    80 |     2 |       |     2 |       ||   182
         Summon Ice Beast  |       |     1 |       |       |    27 |    25 |     2 |       |       ||    55
         Cause Fear        |       |       |       |     2 |     1 |       |       |       |       ||     3
         Dispel Undead     |       |       |       |     1 |     1 |     7 |   256 |    10 |    15 ||   290
         Ozocubu's Armour  |       |       |       |       |    48 |    72 |    41 |     8 |     1 ||   170
         Sting             |       |       |       |       |     7 |       |       |       |       ||     7
         Call Imp          |       |       |       |       |     1 |       |       |       |       ||     1
         Starburst         |       |       |       |       |       |    86 |    71 |    64 |    36 ||   257
         Metabolic Englaci |       |       |       |       |       |    24 |    10 |    10 |     2 ||    46
         Haunt             |       |       |       |       |       |       |    77 |   165 |    53 ||   295
         Conjure Ball Ligh |       |       |       |       |       |       |    11 |   144 |   218 ||   373
         Disjunction       |       |       |       |       |       |       |     2 |    23 |    14 ||    39
         Polar Vortex      |       |       |       |       |       |       |       |       |    22 ||    22
 Invoke: Greater Servant o |       |       |       |       |     4 |    12 |       |       |       ||    16
         Lesser Servant of |       |       |       |       |       |     2 |       |       |       ||     2
Ability: Evoke Blink       |       |       |       |       |       |       |       |       |     1 ||     1
  Evoke: Wand              |       |     2 |     4 |     2 |    12 |     9 |       |     1 |     8 ||    38
    Use: Scroll            |     4 |     4 |     9 |     6 |    13 |    10 |     4 |     8 |     4 ||    62
         Potion            |       |       |       |       |     3 |     9 |       |     9 |    17 ||    38
   Stab: Sleeping          |       |       |     1 |       |       |       |     2 |       |       ||     3
         Invisible         |       |       |       |       |     2 |       |       |       |       ||     2
         Distracted        |       |       |       |       |     1 |       |     5 |     3 |     1 ||    10
 Armour: Robe              |    12 |    13 |    18 |    54 |     2 |    34 |    61 |    26 |       ||   220
         Steam dragon scal |       |       |       |       |   113 |   137 |       |       |       ||   250
         Leather armour    |       |       |       |       |       |     2 |       |       |       ||     2
         Ring mail         |       |       |       |       |       |       |       |       |    30 ||    30
         Skin              |       |       |       |       |       |       |       |       |    17 ||    17
         Troll leather arm |       |       |       |       |       |       |       |       |    10 ||    10
  Dodge: Dodged            |    25 |    31 |    91 |   162 |   959 |  1923 |   728 |   307 |   164 ||  4390
  Block: Buckler           |       |       |       |       |   229 |   503 |   211 |    59 |   127 ||  1129
         Kite shield       |       |       |       |       |       |       |       |    46 |       ||    46

Table legend: (Time is in decaauts)
 A = Elapsed time spent in this place.
 B = Non-inter-level travel time spent in this place.
 C = Inter-level travel time spent in this place.
 D = Time resting spent in this place.
 E = Time spent auto-exploring this place.
 F = Levels seen in this place.
 G = Mean time per level.
                   A        B        C        D        E       F      G
               +--------+--------+--------+--------+--------+-----+--------+
         Total |  78056 |  66572 |  11484 |  13250 |  33277 |  63 | 1239.0 |
       Dungeon |  21930 |  16149 |   5781 |   3144 |   8832 |  15 | 1462.0 |
        Temple |     20 |     17 |      3 |      0 |      0 |   1 |   20.0 |
          Lair |   7475 |   6356 |   1119 |    579 |   3869 |   5 | 1495.0 |
        Shoals |   5478 |   5324 |    154 |    652 |   2910 |   4 | 1369.5 |
   Spider Nest |   7089 |   6249 |    840 |   1673 |   2727 |   4 | 1772.2 |
    Slime Pits |   2975 |   2630 |    345 |    419 |   1312 |   5 |  595.0 |
  Orcish Mines |   2382 |   1943 |    439 |    172 |   1161 |   2 | 1191.0 |
   Elven Halls |   6692 |   6266 |    426 |   1512 |   3023 |   3 | 2230.7 |
        Vaults |  12199 |  10271 |   1928 |   2435 |   4694 |   5 | 2439.8 |
         Crypt |   6127 |   5752 |    375 |   1859 |   2696 |   3 | 2042.3 |
        Depths |   2858 |   2789 |     69 |    254 |   1643 |   3 |  952.7 |
      Ziggurat |    495 |    495 |      0 |     88 |      0 |  10 |   49.5 |
         Sewer |    377 |    377 |      0 |      0 |    140 |   1 |  377.0 |
       Volcano |    542 |    542 |      0 |    158 |    120 |   1 |  542.0 |
        Wizlab |   1410 |   1410 |      0 |    304 |    150 |   1 | 1410.0 |
               +--------+--------+--------+--------+--------+-----+--------+

Top non-repeatable levels by time:
Vaults:3: 2919 daAuts
   Elf:2: 2801 daAuts
Vaults:5: 2650 daAuts
    D:11: 2565 daAuts
Vaults:4: 2274 daAuts
Vaults:1: 2246 daAuts
 Crypt:1: 2242 daAuts
 Crypt:3: 2226 daAuts
Spider:4: 2116 daAuts
Vaults:2: 2108 daAuts
Spider:2: 2104 daAuts
    D:10: 2049 daAuts
     D:3: 2028 daAuts
     D:6: 1980 daAuts
   Elf:3: 1948 daAuts
